Map: Interloper LE

Players

Winthrowe - Winner!

  • Race: Terran Terran
  • League: Silver
  • Spawn Location: 11:00

A.I. 1 (Harder)

  • Race: Zerg Zerg
  • Spawn Location: 5:00

VOD

Have the link to the VOD?

Description

Time

  • Played on: Aug. 24, 2017, 7:17 p.m.
  • Length: 15:26
Show
View Real Time Build Order
Export as new Build Order

Winthrowe Terran - Winner!

Build Orders:  

Get SALT Encoding   

  12  0:01  SCV  
  13  0:13  SCV  
  14  0:20  Supply Depot  
  14  0:25  SCV  
  15  0:42  SCV  
  16  0:44  Barracks  
  16  0:54  SCV  
  17  1:06  SCV  
  18  1:18  SCV  
  19  1:19  Refinery  
  19  1:24  Refinery  
  19  1:30  SCV  
  20  1:33  Supply Depot  
  20  1:34  Marine  
  21  1:42  SCV  
  22  1:54  SCV  
  23  2:04  Command Center  
  23  2:06  SCV  
  24  2:19  Orbital Command  
  24  2:25  Marine  
  25  2:42  Engineering Bay  
  25  2:45  SCV  
  25  2:48  Engineering Bay  
  25  2:50  Barracks Reactor  
  26  2:57  SCV  
  27  3:09  SCV  
  28  3:19  Planetary Fortress  
  28  3:25  SCV  
  29  3:37  SCV  
  29  3:40  Supply Depot  
  30  3:45  Supply Depot  
  30  3:49  SCV  
  31  4:00  Marine x2  
  31  4:01  SCV  
  34  4:04  Supply Depot  
  34  4:07  Supply Depot, SCV  
  35  4:14  SCV  
  36  4:18  Marine x2  
  38  4:30  Factory  
  38  4:34  Terran Infantry Armor Level 1, Terran Infantry Weapons Level 1  
  38  4:36  Marine x2  
  40  4:53  Marine  
  40  4:54  Marine  
  42  5:00  Barracks  
  42  5:11  Marine x2  
  44  5:15  Sensor Tower  
  44  5:29  Marine x2  
  46  5:42  Cyclone  
  49  5:44  Missile Turret  
  49  5:47  Marine x2  
  51  5:51  Barracks Tech Lab  
  51  6:04  Refinery  
  51  6:05  Marine x2  
  51  6:11  Refinery  
  53  6:13  Missile Turret  
  53  6:14  Cyclone  
  56  6:22  Marine  
  56  6:23  Marine  
  58  6:28  Building Armor, Neosteel Frame  
  39  6:40  Marine x2  
  39  6:46  Cyclone  
  44  6:47  Missile Turret  
  44  6:58  Marine x2  
  46  7:04  Command Center  
  46  7:16  Marine x2  
  46  7:17  Starport  
  46  7:18  Cyclone  
  46  7:20  Armory, SCV x2  
  53  7:34  Marine x2  
  55  7:43  Concussive Shells  
  55  7:45  Marauder  
  57  7:51  Marine  
  57  7:52  Marine  
  59  8:05  SCV x2  
  61  8:07  Marauder  
  61  8:09  Marine x2  
  65  8:17  SCV x2  
  67  8:27  Marine x2  
  67  8:28  Factory Reactor, Marauder  
  67  8:29  Starport Reactor, SCV x2  
  73  8:41  SCV x2  
  73  8:45  Marine x2  
  77  8:50  Marauder  
  77  8:53  SCV x2  
  81  9:02  Stimpack  
  81  9:03  Marine x2  
  81  9:05  SCV x2  
  81  9:06  Planetary Fortress  
  85  9:11  Marauder  
  85  9:15  Medivac x2  
  91  9:21  Marine x2  
  93  9:26  Supply Depot  
  93  9:33  Marauder  
  95  9:38  Marine  
  95  9:39  Marine  
  95  9:45  Viking  
  99  9:46  SCV x3  
  99  9:49  Supply Depot  
  102  9:55  Marauder  
  102  9:56  Marine x2  
  102  9:58  SCV x3  
  102  9:59  Cyclone x2  
  115  10:10  SCV x3  
  115  10:13  Supply Depot  
  118  10:16  Marine, Marauder  
  118  10:17  Marine  
  122  10:22  SCV  
  121  10:34  Marine x2  
  119  10:44  Marine  
  110  10:52  Marine  
  110  10:55  Marine  
  101  11:01  Cyclone x2  
  101  11:02  Marauder  
  101  11:03  Combat Shields  
  99  11:10  Marine  
  97  11:13  Marine  
  98  11:24  Marauder  
  100  11:27  Marine  
  100  11:29  Supply Depot  
  100  11:31  Marine  
  102  11:33  Cyclone  
  102  11:34  Cyclone  
  102  11:37  Command Center  
  108  11:45  Marine, Marauder  
  111  11:47  Medivac x2  
  111  11:49  Marine  
  111  11:51  Supply Depot  
  116  12:03  Marine  
  116  12:05  Cyclone  
  116  12:06  Cyclone, Marauder  
  116  12:07  Marine  
  126  12:14  Supply Depot  
  126  12:17  Medivac x2  
  130  12:23  Marine  
  130  12:25  Marine  
  130  12:28  Marauder  
  134  12:41  Marine  
  135  12:47  Medivac x2  
  135  12:49  Marauder  
  141  13:08  Unknown  
  141  13:10  Unknown, Marauder  
  143  13:13  Unknown  
  143  13:16  Unknown  
  143  13:17  Medivac x2  
  143  13:18  Unknown  
  143  13:19  Unknown  
  140  13:30  Marine  
  140  13:31  Marine  
  140  13:32  Marauder  
  144  13:48  Marine  
  144  13:49  Marine  
  144  13:53  Marauder  
  147  13:58  Unknown  
  144  14:06  Marine  
  144  14:07  Marine  
  146  14:13  Viking x2  
  146  14:15  Marauder  
  146  14:16  Unknown  
  152  14:19  Unknown  
  152  14:24  Marine x2  
  154  14:36  Marauder  
  155  14:42  Marine x2  
  155  14:43  Viking  
  157  14:45  Viking  
  157  14:57  Marine, Unknown  
  157  14:59  Marine  
Show
View Real Time Build Order
Export as new Build Order

A.I. 1 (Harder) Zerg 

Build Orders: Pool First 

Get SALT Encoding   

  12  0:00  Drone  
  13  0:12  Overlord  
  13  0:17  Drone  
  14  0:31  Drone x2  
  16  0:42  Spawning Pool  
  15  0:45  Drone  
  16  0:50  Drone  
  16  0:53  Extractor  
  16  0:56  Drone  
  17  1:06  Overlord  
  17  1:31  Zergling x2  
  17  1:32  Queen  
  20  1:38  Drone  
  20  1:39  Roach Warren  
  20  1:41  Extractor  
  20  1:43  Zergling x2  
  20  1:49  Drone  
  21  2:00  Drone  
  22  2:11  Lair  
  22  2:15  Drone  
  23  2:28  Drone  
  24  2:36  Overlord  
  24  3:10  Hydralisk Den  
  24  3:11  Drone  
  24  3:39  Hydralisk, Lurker Den  
  26  3:43  Overlord  
  26  3:51  Hydralisk  
  28  4:01  Overlord, Drone x3  
  31  4:04  Hydralisk  
  31  4:09  Drone  
  34  4:14  Drone  
  34  4:16  Hydralisk  
  34  4:17  Drone  
  38  4:28  Hydralisk  
  38  4:29  Baneling Nest  
  38  4:31  Evolution Chamber  
  38  4:32  Drone  
  39  4:40  Drone  
  39  4:45  Hydralisk  
  42  5:05  Overlord, Hydralisk, Lurker x2  
  46  5:17  Hydralisk  
  48  5:54  Zerg Melee Weapons Level 1, Roach  
  48  5:55  Spore Crawler  
  49  5:58  Spore Crawler  
  49  5:59  Drone  
  49  6:02  Roach  
  49  6:03  Hatchery  
  49  6:04  Drone  
  51  6:17  Ravager  
  52  6:19  Roach  
  53  6:27  Zergling x2  
  49  6:36  Hydralisk  
  47  6:47  Burrow  
  47  6:51  Roach  
  49  6:59  Spine Crawler  
  49  7:00  Roach  
  50  7:05  Spine Crawler, Drone  
  50  7:09  Ravager  
  50  7:14  Roach  
  50  7:15  Drone x3  
  56  7:23  Drone  
  56  7:24  Extractor, Drone x2  
  56  7:25  Drone x2  
  56  7:26  Extractor  
  56  7:29  Ravager  
  60  7:35  Drone  
  60  7:36  Overlord  
  61  7:46  Drone  
  61  7:47  Drone  
  61  7:48  Zerg Missile Weapons Level 1  
  63  7:56  Drone  
  63  7:57  Roach  
  66  7:59  Overlord  
  66  8:01  Drone  
  66  8:04  Drone  
  68  8:08  Hydralisk, Drone  
  71  8:17  Overseer  
  71  8:18  Hydralisk  
  71  8:19  Drone  
  74  8:27  Overlord, Hydralisk  
  74  8:28  Drone  
  74  8:30  Drone  
  74  8:31  Drone  
  79  8:37  Spore Crawler  
  79  8:40  Drone  
  79  8:42  Spore Crawler, Drone  
  79  8:46  Overseer  
  79  8:50  Queen  
  79  8:51  Drone  
  79  8:55  Overlord  
  82  9:00  Drone x3  
  85  9:07  Spine Crawler  
  85  9:08  Drone  
  85  9:12  Spine Crawler, Drone  
  85  9:18  Queen  
  85  9:23  Hydralisk Den  
  86  9:25  Drone  
  86  9:30  Infestation Pit, Drone  
  87  9:39  Spire  
  87  9:40  Drone  
  87  9:42  Zerg Ground Armor Level 1  
  87  9:45  Evolution Chamber, Drone  
  87  10:00  Pneumatized Carapace, Overlord  
  87  10:12  Hatchery  
  86  10:22  Roach  
  85  10:30  Drone  
  82  10:37  Overlord  
  78  10:45  Roach  
  78  10:47  Hatchery  
  71  10:50  Mutalisk  
  71  10:52  Overseer  
  71  10:56  Hive  
  63  10:57  Mutalisk  
  61  11:04  Corruptor  
  61  11:06  Overseer  
  55  11:12  Mutalisk  
  57  11:19  Mutalisk  
  59  11:26  Mutalisk  
  61  11:33  Mutalisk  
  63  11:40  Corruptor  
  65  11:47  Mutalisk  
  67  11:55  Mutalisk  
  67  12:00  Drone x3  
  67  12:01  Drone x5  
  75  12:02  Corruptor, Drone  
  75  12:03  Extractor  
  75  12:04  Drone  
  75  12:06  Viper, Drone  
  84  12:08  Drone  
  84  12:09  Mutalisk  
  84  12:11  Drone  
  84  12:13  Drone  
  89  12:15  Viper  
  89  12:16  Mutalisk, Drone  
  89  12:18  Drone  
  89  12:19  Drone  
  89  12:21  Drone  
  98  12:23  Corruptor  
  98  12:25  Zerg Flyer Weapons Level 1  
  100  12:41  Extractor, Drone  
  100  12:47  Spore Crawler  
  100  12:48  Drone  
  100  12:49  Spore Crawler  
  100  12:50  Drone  
  100  12:53  Overlord, Queen  
  102  13:07  Drone  
  90  13:13  Mutalisk  
  68  13:20  Mutalisk  
  68  13:26  Overlord  
  68  13:28  Corruptor  
  68  13:29  Zergling x6  
  67  13:39  Drone x2  
  67  13:40  Overseer  
  61  13:43  Hatchery  
  61  13:45  Mutalisk  
  60  13:49  Drone x2  
  60  13:50  Drone  
  60  13:51  Drone  
  60  13:53  Roach  
  60  13:55  Hydralisk  
  61  13:59  Hydralisk  
  63  14:04  Roach  
  63  14:05  Drone  
  63  14:07  Roach  
  63  14:09  Drone  
  59  14:10  Overlord  
  59  14:16  Hydralisk  
  57  14:18  Drone x2  
  57  14:19  Hydralisk  
  57  14:22  Hydralisk x2  
  57  14:24  Hydralisk  
  55  14:27  Roach, Drone  
  55  14:29  Zergling x2  
  49  14:34  Drone  
  49  14:38  Drone x2  
  37  14:44  Drone  
  19  14:53  Hydralisk  
  12  15:00  Lurker  
  12  15:01  Drone x3  
  12  15:02  Drone x2  
  12  15:03  Drone  
Tags
 
League
Silver
Matchup
TvZ
Opening
Pool First
Spawn Locations
Cross Positions
Add a new tag
Caveats
  • Supply blocks, unpowered buildings, or Contaminate may cause inaccurate times.
  • Supply counts are checked every 10 seconds.